 Dungeon Crawl Stone Soup version 0.30-a0-585-g93115170b9 (webtiles) character file.

Game seed: 15220377257466810819

11 sokol815 the Sneak (level 2, 0/21 HPs)
             Began as an Octopode Delver on Jan 3, 2023.
             Slain by a jackal (2 damage)
             ... on level 4 of the Dungeon.
             The game lasted 00:00:31 (46 turns).

sokol815 the Sneak (Octopode Delver)                  Turns: 46, Time: 00:00:31

Health: 0/21       AC:  1    Str: 11    XL:     2   Next: 29%
Magic:  2/2        EV: 13    Int: 12    God:
Gold:   0          SH:  0    Dex: 13    Spells: 1/1 levels left

rFire   . . .      SeeInvis .    a - +0 short sword
rCold   . . .      Faith    .    (no shield)
rNeg    . . .      Spirit   .    (helmet restricted)
rPois   .          Reflect  .    (no amulet)
rElec   .          Harm     .    (no ring)
rCorr   .          Rampage  .    (no ring)
Will    .....                    (no ring)
Stlth   ++++                     (no ring)
HPRegen 0.23/turn                (no ring)
MPRegen 0.08/turn                (no ring)
                                 (no ring)
                                 (no ring)

@: hasted, very quick
A: almost no armour, amphibious, 8 rings, camouflage 1, gelatinous body 1,
(nimble swimmer 1), tentacles
a: no special abilities


You were on level 4 of the Dungeon.
You visited 1 branch of the dungeon, and saw 2 of its levels.

Inventory:

Hand Weapons
 a - a +0 short sword (weapon)
Wands
 d - a wand of digging (3)
Scrolls
 b - a scroll of fog
 E - a scroll of fear
 X - a scroll of magic mapping {@r4!r}


   Skills:
 - Level 3.0 Fighting
 + Level 2.4 Short Blades
 - Level 2.0 Dodging
 + Level 7.0 Stealth


You had one spell level left.
You didn't know any spells.
Your spell library was empty.

Dungeon Overview and Level Annotations

Branches:
Dungeon (5/15) Zot: 11965
 Temple: D:4-7

Altars:


Innate Abilities, Weirdness & Mutations

You cannot wear most types of armour.
You are amphibious.
You can wear up to eight rings at the same time.
Your skin changes colour to match your surroundings (Stealth+).
Your rubbery body absorbs attacks. (AC +1, EV +1)
((You are camouflaged when in or above water. (Stealth+)))
You have tentacles for arms and can constrict up to eight enemies at once.


Message History

Bad channel name for runrest: 'Jiyva says: Divide and consume' Welcome, sokol815 the Octopode Delver.
Will you be the one to retrieve the majestic Orb of Zot from the depths?
Found a scroll labelled UFYOMO CORUETS.
Found two stone staircases leading down and a stone staircase leading up.
Found a stone staircase leading up.
There is a stone staircase leading up here.
You climb upwards.
Found an escape hatch in the floor.
Found a stone staircase leading up.
There is a stone staircase leading down here.
Found a stone staircase leading down.
The helpless adder fails to defend itself.
You puncture the adder!
You kill the adder!
You have reached level 2!
Health restored: 21; MP restored: 2 An ogre comes into view.
It is wielding a +0 giant club.
A jackal comes into view.
A jackal comes into view.
The helpless ball python fails to defend itself.
You impale the ball python!!
You kill the ball python!
The ogre shouts!
The jackal barks!
You hear a bark!
You hear a shout!
A jackal comes into view.
You feel yourself speed up.
You closely miss the jackal. You grab the jackal. You squeeze the jackal.
You constrict the jackal, but do no damage.
The jackal closely misses you.
You hit the jackal but do no damage.
You constrict the jackal, but do no damage.
The jackal barely misses you.
A kobold comes into view. It is wielding a +0 dagger.
You hit the jackal but do no damage.
You constrict the jackal, but do no damage.
The jackal bites you but does no damage.
The jackal misses you.
You hit the jackal.
You constrict the jackal, but do no damage.
The ogre barely misses you.
The jackal bites you but does no damage.
The jackal closely misses you.
You hit the jackal.
You kill the jackal!
Your Stealth skill increases to level 7!
You hit the ogre but do no damage. Your squeeze misses the ogre.
The jackal barely misses you.
You barely miss the ogre. The jackal bites you. The ogre closely misses you.
You take 1 damage, and have 20/21 hp.
You hit the ogre but do no damage. Your squeeze misses the ogre.
The jackal barely misses you.
You hit the ogre but do no damage. The jackal barely misses you.
You hit the ogre. Your squeeze misses the ogre. The ogre barely misses you.
You hit the ogre. The jackal barely misses you.
You hit the ogre. The jackal barely misses you. The ogre misses you.
You barely miss the ogre. The kobold closely misses you.
The jackal bites you but does no damage.
You barely miss the ogre.
Health restored: 21 You hit the ogre.
The jackal closely misses you. The ogre completely misses you.
The kobold misses you.
You hit the ogre but do no damage. The jackal misses you.
You hit the ogre but do no damage. The kobold closely misses you.
The jackal closely misses you.
You hit the ogre. You squeeze the ogre! The ogre barely misses you.
The jackal barely misses you.
You hit the ogre. The kobold hits you with a +0 dagger.
The jackal barely misses you.
You take 1 damage, and have 20/21 hp.
You hit the ogre. The kobold closely misses you.
The ogre hits you with a +0 giant club!
Ouch! That really hurt!
* * * LOW HITPOINT WARNING * * *
You take 16 damage, and have 4/21 hp.
MASSIVE DAMAGE!!
You hit the ogre but do no damage. Your squeeze misses the ogre.
The jackal closely misses you.
You hit the ogre but do no damage. You squeeze the ogre.
The jackal bites you but does no damage.
The kobold barely misses you. The ogre closely misses you.
You hit the ogre but do no damage. The jackal barely misses you.
The kobold misses you.
You barely miss the ogre. The jackal misses you.
You hit the ogre but do no damage. The ogre barely misses you.
The kobold hits you with a +0 dagger.
* * * LOW HITPOINT WARNING * * *
The jackal closely misses you.
You take 3 damage, and have 2/21 hp.
You hit the ogre. The kobold hits you but does no damage.
The jackal misses you.
You barely miss the ogre. The ogre closely misses you.
You hit the ogre.
You kill the ogre!
The jackal bites you.
You die...

... ## >.... ..
.##... .....##.###
.#....
..........##.....
#.....#...<...#
#....#......#
#..........#
#.....>.Kh.###
#.......@).>.#
##†.......†..#
#................
#.....#..........
#....#.#......#...
##..##........# ..
### ##......## .
#......# ##....##


You could see a jackal and a kobold.

Vanquished Creatures
  An ogre (D:4)
  An adder (D:4)
  A jackal (D:4)
  A ball python (D:4)
4 creatures vanquished.

Notes
Turn   | Place    | Note
-------+----------+-------------------------------------------
     0 | D:5      | sokol815 the Octopode Delver began the quest for the Orb.
     0 | D:5      | Reached XP level 1. HP: 16/16 MP: 1/1
    10 | D:4      | Reached XP level 2. HP: 21/21 MP: 2/2
    13 | D:4      | Noticed an ogre
    24 | D:4      | Reached skill level 7 in Stealth
    38 | D:4      | HP: 4/21 [ogre/+0 giant club (16)]
    43 | D:4      | HP: 2/21 [kobold/+0 dagger (3)]
    46 | D:4      | Killed an ogre
    46 | D:4      | Slain by a jackal

Illustrated notes

Levels and vault maps discovered:
D:4:      layout_cave_pools, yredelemnul_forgotten_temple_becter, serial_shops,
          nicolae_shop_window_shopping, uniq_menkaure, uniq_duvessa
D:5:      layout_cave_pools, grunt_temple_overflow_open,
          hangedman_decor_diamond_cutter

Skill      XL: |  1  2 |
---------------+-------+-----
Stealth        | 7 |  7.0
Fighting       | |  3.0
Short Blades   | |  2.4
Dodging        | |  2.0

Action                   || total
-------------------------++-------
Melee: Short sword       ||    30
       Tentacles         ||     3
       Constrict         ||     1
  Use: Potion            ||     1
 Stab: Sleeping          ||     2
Armor: Skin              ||     5
Dodge: Dodged            ||    34

Table legend: (Time is in decaauts)
 A = Elapsed time spent in this place.
 B = Non-inter-level travel time spent in this place.
 C = Inter-level travel time spent in this place.
 D = Time resting spent in this place.
 E = Time spent auto-exploring this place.
 F = Levels seen in this place.
 G = Mean time per level.
                   A        B        C        D        E       F      G
               +--------+--------+--------+--------+--------+-----+--------+
         Total |     34 |     34 |      0 |      0 |      0 |   2 |   17.0 |
       Dungeon |     34 |     34 |      0 |      0 |      0 |   2 |   17.0 |
               +--------+--------+--------+--------+--------+-----+--------+

Top non-repeatable levels by time:
     D:4: 29 daAuts
     D:5: 5 daAuts

Table legend:
 A = Kills in this place as a percentage of kills in entire the game.
 B = Kills by you in this place as a percentage of kills by you in the entire game.
 C = Kills by friends in this place as a percentage of kills by friends in the entire game.
 D = Other kills in this place as a percentage of other kills in the entire game.
 E = Experience gained in this place as a percentage of experience gained in the entire game.
 F = Experience gained in this place divided by the number of levels of this place that you have seen.
                   A       B       C       D       E      F
               +-------+-------+-------+-------+-------+----------------------
         Total | 100.0 | 100.0 |   N/A |   N/A | 100.0 |  69.0
       Dungeon | 100.0 | 100.0 |   N/A |   N/A | 100.0 |  69.0
               +-------+-------+-------+-------+-------+----------------------
